WIN
LOS ANGELES (WIN) ANGELS @ CHICAGO (WIN) WHITE SOX
11/30/2046
 
TOP OF THE 1ST
Los Angeles (WIN) Angels batting - Pitching for Chicago (WIN) White Sox : LHP Jon Zaragoza
Pitching: LHP Jon Zaragoza
Batting: LHB Rusty Ney 0-0: Ball
1-0: Swinging Strike
1-1: Called Strike
1-2: Ball
2-2: Ball
3-2: SINGLE (Groundball, 4MS, EV 67.5 MPH) (infield hit)
Batting: LHB Justin Alexander 0-0: Called Strike
0-1: Foul Ball, location: 2F
0-2: Ball
1-2: Strikes out swinging
Batting: RHB Bjoern Waltersson 0-0: Called Strike
0-1: Foul Ball, location: 2F
0-2: Foul Ball, location: 2F
0-2: Foul Ball, location: 2F
0-2: Ball
1-2: Ball
2-2: Strikes out swinging
Batting: RHB Mike Alm 0-0: Ball
1-0: Ball
2-0: Foul Ball, location: 2F
2-1: Foul Ball, location: 2F
2-2: Ball
3-2: Strikes out swinging
Top of the 1st over - 0 runs, 1 hit, 0 errors, 1 left on base; Los Angeles (WIN) 0 - Chicago (WIN) 0
BOTTOM OF THE 1ST
Chicago (WIN) White Sox batting - Pitching for Los Angeles (WIN) Angels : RHP Gus Morante
Pitching: RHP Gus Morante
Batting: RHB Jason Moss 0-0: Ball
1-0: Swinging Strike
1-1: Ball
2-1: Foul Ball, location: 2F
2-2: Strikes out looking
Batting: LHB Hirakito Herring 0-0: SOLO HOME RUN (Flyball, 89XD, EV 110.0 MPH), Distance : 417 ft
Batting: RHB Brad Boals 0-0: Called Strike
0-1: Fly out, F7 (Flyball, 7, EV 95.6 MPH)
Batting: LHB Angel Tellez 0-0: Called Strike
0-1: Ground out U3 (Groundball, 34, EV 105.0 MPH)
Bottom of the 1st over - 1 run, 1 hit, 0 errors, 0 left on base; Los Angeles (WIN) 0 - Chicago (WIN) 1
TOP OF THE 2ND
Los Angeles (WIN) Angels batting - Pitching for Chicago (WIN) White Sox : LHP Jon Zaragoza
Batting: LHB Griffin Ferris 0-0: Ball
1-0: Foul Ball, location: 2F
1-1: Ball
2-1: Foul Ball, location: 2F
2-2: SINGLE (Flyball, 5D, EV 88.8 MPH)
Batting: LHB James McCauley 0-0: Fielders Choice at 2nd, 4-6 (Groundball, 4, EV 88.1 MPH)
Batting: RHB Jose Ramirez 0-0: Called Strike
0-1: SINGLE (Line Drive, 6MD, EV 98.8 MPH)
James McCauley to second
Batting: RHB Kinya Nishimura 0-0: SINGLE (Line Drive, 89S, EV 87.5 MPH)
James McCauley to third
Jose Ramirez to second
Batting: RHB Ryan Pelletier 0-0: Fly out, F4 (Line Drive, 4, EV 73.8 MPH)
Batting: LHB Rusty Ney 0-0: Fly out, F7 (Flyball, 78S, EV 91.2 MPH)
Top of the 2nd over - 0 runs, 3 hits, 0 errors, 3 left on base; Los Angeles (WIN) 0 - Chicago (WIN) 1
BOTTOM OF THE 2ND
Chicago (WIN) White Sox batting - Pitching for Los Angeles (WIN) Angels : RHP Gus Morante
Batting: LHB Ryan Dyal 0-0: Swinging Strike
0-1: Called Strike
0-2: Ball
1-2: Ball
2-2: Strikes out looking
Batting: RHB Danny Longoria 0-0: Fly out, F8 (Flyball, 8RXD, EV 96.2 MPH)
Batting: RHB Vic Lucatero 0-0: Fly out, F7 (Flyball, 78XD, EV 103.8 MPH)
Bottom of the 2nd over - 0 runs, 0 hits, 0 errors, 0 left on base; Los Angeles (WIN) 0 - Chicago (WIN) 1
TOP OF THE 3RD
Los Angeles (WIN) Angels batting - Pitching for Chicago (WIN) White Sox : LHP Jon Zaragoza
Batting: LHB Justin Alexander 0-0: Foul Ball, location: 2F
0-1: SINGLE (Groundball, 3D, EV 93.8 MPH)
Batting: RHB Bjoern Waltersson 0-0: Ball
1-0: Ball
2-0: Foul Ball, location: 2F
2-1: Called Strike
2-2: Foul Ball, location: 2F
2-2: 2-RUN HOME RUN (Flyball, 7D, EV 97.5 MPH), Distance : 375 ft
Batting: RHB Mike Alm 0-0: Called Strike
0-1: Fly out, F8 (Flyball, 78M, EV 90.0 MPH)
Batting: LHB Griffin Ferris 0-0: Swinging Strike
0-1: Ball
1-1: Ground out 5-3 (Groundball, 56S, EV 66.2 MPH)
Batting: LHB James McCauley 0-0: Fly out, F9 (Line Drive, 89M, EV 86.2 MPH)
Top of the 3rd over - 2 runs, 2 hits, 0 errors, 0 left on base; Los Angeles (WIN) 2 - Chicago (WIN) 1
BOTTOM OF THE 3RD
Chicago (WIN) White Sox batting - Pitching for Los Angeles (WIN) Angels : RHP Gus Morante
Batting: LHB Ricardo Pagan 0-0: Called Strike
0-1: SINGLE (Groundball, 4M, EV 108.1 MPH) (infield hit)
Batting: RHB John Iddings 0-0: Foul Ball, location: 2F
0-1: Ball
1-1: Ball
2-1: Ball
3-1: Base on Balls
Ricardo Pagan to second
Batting: RHB Jason Moss 0-0: Ball
1-0: Grounds into double play, 4-6-3 (Groundball, 34, EV 80.6 MPH)
Ricardo Pagan to third
Batting: LHB Hirakito Herring 0-0: Ball
1-0: Called Strike
1-1: Swinging Strike
1-2: SINGLE (Groundball, 4MD, EV 105.0 MPH)
Ricardo Pagan scores
Batting: RHB Brad Boals 0-0: Ball
1-0: Swinging Strike
1-1: Fly out, F7 (Line Drive, 7, EV 94.4 MPH)
Bottom of the 3rd over - 1 run, 2 hits, 0 errors, 1 left on base; Los Angeles (WIN) 2 - Chicago (WIN) 2
TOP OF THE 4TH
Los Angeles (WIN) Angels batting - Pitching for Chicago (WIN) White Sox : LHP Jon Zaragoza
Batting: RHB Jose Ramirez 0-0: Called Strike
0-1: Foul Ball, location: 2F
0-2: Ball
1-2: Ball
2-2: Foul Ball, location: 2F
2-2: Ball
3-2: Foul Ball, location: 2F
3-2: Strikes out swinging
Batting: RHB Kinya Nishimura 0-0: Ball
1-0: Ball
2-0: Swinging Strike
2-1: Ball
3-1: SINGLE (Groundball, 6MD, EV 110.0 MPH)
Batting: RHB Ryan Pelletier 0-0: DOUBLE (Line Drive, 9LS, EV 98.8 MPH)
Kinya Nishimura to third
Runner from 3rd tries for Home, SAFE, no throw by RF
Batting: LHB Rusty Ney 0-0: Ball
1-0: Called Strike
1-1: Called Strike
1-2: Fly out, F6 (Popup, 6, EV 60.6 MPH)
Batting: LHB Justin Alexander 0-0: Called Strike
0-1: Ball
1-1: SINGLE (Flyball, 34D, EV 82.5 MPH)
Ryan Pelletier to third
Batting: RHB Bjoern Waltersson 0-0: Ball
1-0: Ball
2-0: Called Strike
2-1: Foul Ball, location: 2F
2-2: Fly out, F7 (Flyball, 78D, EV 88.8 MPH)
Top of the 4th over - 1 run, 3 hits, 0 errors, 2 left on base; Los Angeles (WIN) 3 - Chicago (WIN) 2
BOTTOM OF THE 4TH
Chicago (WIN) White Sox batting - Pitching for Los Angeles (WIN) Angels : RHP Gus Morante
Batting: LHB Angel Tellez 0-0: Ball
1-0: Ball
2-0: Called Strike
2-1: SINGLE (Groundball, 13S, EV 65.0 MPH) (infield hit)
Batting: LHB Ryan Dyal 0-0: Ball
Angel Tellez steals 2nd base
1-0: Fly out, F8 (Flyball, 89D, EV 87.5 MPH)
Runner from 2nd tags up, SAFE at 3rd, no throw by CF
Batting: RHB Danny Longoria 0-0: Swinging Strike
0-1: Ball
1-1: Ball
2-1: Ground out 6-3 (Groundball, 6, EV 88.1 MPH)
Angel Tellez scores
Batting: RHB Vic Lucatero 0-0: Foul Ball, location: 2F
0-1: Called Strike
0-2: Foul Ball, location: 2F
0-2: Strikes out swinging
Bottom of the 4th over - 1 run, 1 hit, 0 errors, 0 left on base; Los Angeles (WIN) 3 - Chicago (WIN) 3
TOP OF THE 5TH
Los Angeles (WIN) Angels batting - Pitching for Chicago (WIN) White Sox : LHP Jon Zaragoza
Batting: RHB Mike Alm 0-0: Fly out, F7 (Line Drive, 7, EV 91.9 MPH)
Batting: LHB Griffin Ferris 0-0: Called Strike
0-1: Ball
1-1: Ball
2-1: Ball
3-1: Called Strike
3-2: Foul Ball, location: 2F
3-2: TRIPLE (Flyball, 8RXD, EV 105.6 MPH)
Batting: LHB James McCauley 0-0: Ball
1-0: Foul Ball, location: 2F
1-1: Ball
2-1: Ball
3-1: Base on Balls
Batting: RHB Jose Ramirez 0-0: Grounds into double play, 4-6-3 (Groundball, 4, EV 80.6 MPH)
Top of the 5th over - 0 runs, 1 hit, 0 errors, 1 left on base; Los Angeles (WIN) 3 - Chicago (WIN) 3
BOTTOM OF THE 5TH
Chicago (WIN) White Sox batting - Pitching for Los Angeles (WIN) Angels : RHP Gus Morante
Batting: LHB Ricardo Pagan 0-0: Ball
1-0: Called Strike
1-1: Called Strike
1-2: Strikes out swinging
Batting: RHB John Iddings 0-0: DOUBLE (Groundball, 5L, EV 110.6 MPH)
Batting: RHB Jason Moss 0-0: Ball
1-0: Foul Ball, location: 2F
1-1: Ball
2-1: Ball
3-1: Foul Ball, location: 2F
3-2: Base on Balls
Batting: LHB Hirakito Herring 0-0: Ball
1-0: Ball
2-0: Ball
3-0: Base on Balls
John Iddings to third
Jason Moss to second
Batting: RHB Brad Boals 0-0: Ball
1-0: Fly out, F7 (Line Drive, 7LS, EV 85.0 MPH)
Batting: LHB Angel Tellez 0-0: Ball
1-0: Ball
2-0: Ball
3-0: Base on Balls
John Iddings scores
Jason Moss to third
Hirakito Herring to second
Batting: LHB Ryan Dyal 0-0: Called Strike
0-1: Foul Ball, location: 2F
0-2: Ball
1-2: Ball
2-2: Foul Ball, location: 2F
2-2: Strikes out swinging
Bottom of the 5th over - 1 run, 1 hit, 0 errors, 3 left on base; Los Angeles (WIN) 3 - Chicago (WIN) 4
TOP OF THE 6TH
Los Angeles (WIN) Angels batting - Pitching for Chicago (WIN) White Sox : LHP Jon Zaragoza
Batting: RHB Kinya Nishimura 0-0: Ball
1-0: Called Strike
1-1: Ground out 5-3 (Groundball, 56, EV 78.8 MPH)
Batting: RHB Ryan Pelletier 0-0: Fly out, F7 (Line Drive, 7, EV 108.8 MPH)
Batting: LHB Rusty Ney 0-0: Ball
1-0: Called Strike
1-1: Ground out 5-3 (Groundball, 56, EV 101.2 MPH)
Top of the 6th over - 0 runs, 0 hits, 0 errors, 0 left on base; Los Angeles (WIN) 3 - Chicago (WIN) 4
BOTTOM OF THE 6TH
Chicago (WIN) White Sox batting - Pitching for Los Angeles (WIN) Angels : RHP Gus Morante
Batting: RHB Danny Longoria 0-0: Ball
1-0: Ball
2-0: Ground out 6-3 (Groundball, 6, EV 95.0 MPH)
Batting: RHB Vic Lucatero 0-0: Fly out, F7 (Flyball, 78M, EV 97.5 MPH)
Batting: LHB Ricardo Pagan 0-0: Called Strike
0-1: SINGLE (Groundball, 25, EV 65.6 MPH) (infield hit)
Batting: RHB John Iddings 0-0: Called Strike
0-1: Foul Ball, location: 2F
0-2: SINGLE (Flyball, 4MD, EV 93.8 MPH)
Ricardo Pagan to second
Runner from 2nd tries for 3rd, SAFE, throw by CF made to third
Batting: RHB Jason Moss 0-0: Called Strike
0-1: Ball
1-1: Called Strike
1-2: Ball
2-2: Foul Ball, location: 2F
2-2: Strikes out swinging
Bottom of the 6th over - 0 runs, 2 hits, 0 errors, 2 left on base; Los Angeles (WIN) 3 - Chicago (WIN) 4
TOP OF THE 7TH
Los Angeles (WIN) Angels batting - Pitching for Chicago (WIN) White Sox : LHP Jon Zaragoza
Pitching: RHP Maury Compson
Batting: LHB Justin Alexander 0-0: Ball
1-0: Foul Ball, location: 2F
1-1: Foul Ball, location: 2F
1-2: Ball
2-2: Strikes out swinging
Batting: RHB Bjoern Waltersson 0-0: Called Strike
0-1: Swinging Strike
0-2: Foul Ball, location: 2F
0-2: Strikes out looking
Batting: RHB Mike Alm 0-0: Called Strike
0-1: Ball
1-1: Ball
2-1: Ball
3-1: Base on Balls
Batting: LHB Griffin Ferris 0-0: Ball
1-0: Called Strike
1-1: Foul Ball, location: 2F
1-2: Ball
2-2: Fly out, F9 (Flyball, 9LS, EV 73.8 MPH)
Top of the 7th over - 0 runs, 0 hits, 0 errors, 1 left on base; Los Angeles (WIN) 3 - Chicago (WIN) 4
BOTTOM OF THE 7TH
Chicago (WIN) White Sox batting - Pitching for Los Angeles (WIN) Angels : RHP Gus Morante
Batting: LHB Hirakito Herring 0-0: Ball
1-0: Ball
2-0: Foul Ball, location: 2F
2-1: Called Strike
2-2: Strikes out swinging
Batting: RHB Brad Boals 0-0: Called Strike
0-1: Fly out, F7 (Flyball, 7, EV 95.6 MPH)
Batting: LHB Angel Tellez 0-0: Called Strike
0-1: Ball
1-1: Swinging Strike
1-2: Ball
2-2: Ball
3-2: TRIPLE (Flyball, 89XD, EV 103.8 MPH)
Pitching: RHP Austin Maki
Batting: LHB Ryan Dyal 0-0: Fly out, F8 (Flyball, 8LXD, EV 93.8 MPH)
Bottom of the 7th over - 0 runs, 1 hit, 0 errors, 1 left on base; Los Angeles (WIN) 3 - Chicago (WIN) 4
TOP OF THE 8TH
Los Angeles (WIN) Angels batting - Pitching for Chicago (WIN) White Sox : RHP Maury Compson
Batting: LHB James McCauley 0-0: Foul Ball, location: 2F
0-1: Ball
1-1: Called Strike
1-2: Ball
2-2: SINGLE (Line Drive, 89S, EV 110.6 MPH)
Batting: RHB Jose Ramirez 0-0: Sac Bunt to P - play at first, batter OUT! 1-3
James McCauley to second
Batting: RHB Kinya Nishimura 0-0: Called Strike
0-1: Ball
1-1: Swinging Strike
1-2: Fly out, F9 (Flyball, 9D, EV 110.0 MPH)
Runner from 2nd tags up, SAFE at 3rd, no throw by RF
Pinch Hitting: LHB Jorge Zermeno 0-0: Foul Ball, location: 2F
0-1: Ball
1-1: Called Strike
1-2: Ball
2-2: Strikes out swinging
Top of the 8th over - 0 runs, 1 hit, 0 errors, 1 left on base; Los Angeles (WIN) 3 - Chicago (WIN) 4
BOTTOM OF THE 8TH
Chicago (WIN) White Sox batting - Pitching for Los Angeles (WIN) Angels : RHP Austin Maki
Now at 2B: Jorge Zermeno
Batting: RHB Danny Longoria 0-0: Ball
1-0: Ball
2-0: Ball
3-0: Called Strike
3-1: Ground out 5-3 (Groundball, 5, EV 83.8 MPH)
Batting: RHB Vic Lucatero 0-0: Called Strike
0-1: Ball
1-1: Foul Ball, location: 2F
1-2: Foul Ball, location: 2F
1-2: Ball
2-2: Ball
3-2: Foul Ball, location: 2F
3-2: Base on Balls
Batting: LHB Ricardo Pagan 0-0: Called Strike
Vic Lucatero steals 2nd base
0-1: Foul Ball, location: 2F
0-2: Foul Ball, location: 2F
0-2: Foul Ball, location: 2F
0-2: Ball
1-2: Ball
2-2: Ball
3-2: Intentional Walk
Batting: RHB John Iddings 0-0: Foul Ball, location: 2F
0-1: Foul Ball, location: 2F
0-2: Ground out U3 (Groundball, 34, EV 86.9 MPH)
Vic Lucatero to third
Ricardo Pagan to second
Batting: RHB Jason Moss 0-0: Foul Ball, location: 2F
0-1: Ground out 5-3 (Groundball, 56S, EV 63.8 MPH)
Bottom of the 8th over - 0 runs, 0 hits, 0 errors, 2 left on base; Los Angeles (WIN) 3 - Chicago (WIN) 4
TOP OF THE 9TH
Los Angeles (WIN) Angels batting - Pitching for Chicago (WIN) White Sox : RHP Maury Compson
Pitching: LHP Steven Wolf
Batting: LHB Rusty Ney 0-0: Ball
1-0: Foul Ball, location: 2F
1-1: Ball
2-1: Ball
3-1: Base on Balls
Batting: LHB Justin Alexander 0-0: Called Strike
0-1: Sac Bunt to 13 - play at first, batter safe!
Rusty Ney to second
Batting: RHB Bjoern Waltersson 0-0: Foul Ball, location: 2F
0-1: Ball
1-1: Foul Ball, location: 2F
1-2: Foul Ball, location: 2F
1-2: Fly out, F7 (Line Drive, 78M, EV 88.8 MPH)
Batting: RHB Mike Alm 0-0: Ball
1-0: Called Strike
1-1: Swinging Strike
1-2: Strikes out swinging
Batting: RHB Eric Davis 0-0: Swinging Strike
0-1: Foul Ball, location: 2F
0-2: Ball
Wild Pitch!
Rusty Ney to third
Justin Alexander to second
1-2: Ball
2-2: Strikes out looking
Top of the 9th over - 0 runs, 1 hit, 0 errors, 2 left on base; Los Angeles (WIN) 3 - Chicago (WIN) 4
Tuesday, September 13th , 2022 - OOTP Baseball 23.7 Build 88